AoeStats
← Carple

MegaRandom

503333421Analyzed
1v1 RM · 1mo ago on Aug 31, 2026· 38m 14s· 2 players
Game mode
Random Map
Map size
Tiny (2 player)
Population
200
Speed
Normal
Resources
Standard
Victory
Conquest
Starting age
Dark Age
Ending age
Imperial Age
RankedLock teamsTeams togetherTeam positionsShared explorationLock speedFull tech treeHidden civsTurbo modeCheats
Victory
Defeat
🇨🇦 Spanish · Canada
1145
+20
🇺🇸 Vietnamese · United States
1228
-20
Carple
6:23 Loom
11:24 Feudal Age
16:20 Castle Age
14:29 Double-Bit Axe
15:10 Stone Mining
15:52 Forging
17:20 Horse Collar
19:18 Husbandry
21:55 Bloodlines
28:04 Scale Barding Armor
28:01 Padded Archer Armor
33:30 Imperial Age
32:44 Chain Barding Armor
34:18 Leather Archer Armor
33:41 Cavalier
37:53 Bow Saw
38:58 Conscription
38:10 Elite Skirmisher
alshipanda
0:32 Loom
10:46 Feudal Age
11:30 Double-Bit Axe
11:37 Horse Collar
19:47 Castle Age
18:35 Gold Mining
21:20 Bow Saw
21:13 Heavy Plow
22:15 Wheelbarrow
21:26 Town Watch
21:54 Fletching
22:30 Bodkin Arrow
24:38 Bloodlines
25:08 Ballistics
25:54 Padded Archer Armor
34:39 Thumb Ring
36:49 Leather Archer Armor
Connection lost

Rejoining the realm…

Still unreachable

The connection could not be restored.

Session expired

The server has moved on; the page needs a fresh start.